 Dungeon Crawl Stone Soup version 0.23.2 (webtiles) character file.

Game seed: 8098932785685022968

172 cklessthan3 the Shield-Bearer (level 5, 0/42 HPs)
             Began as a Formicid Fighter on Apr 2, 2019.
             Succumbed to an adder's poison
             ... on level 4 of the Dungeon.
             The game lasted 00:08:11 (2189 turns).

cklessthan3 the Shield-Bearer (Formicid Fighter)    Turns: 2189, Time: 00:08:12

Health: 0/42       AC:  7    Str: 21    XL:     5   Next: 83%
Magic:  5/5        EV:  8    Int:  8    God:
Gold:   193        SH: 10    Dex: 10    Spells: 4/4 levels left

rFire    . . .     SeeInvis +   a - +0 trident
rCold    . . .     Gourm    .   c - +1 shield
rNeg     . . .     Faith    .   b - +0 scale mail
rPois    .         Spirit   .   (helmet unavailable)
rElec    .         Reflect  .   (no cloak)
rCorr    .         Harm     .   (no gloves)
MR       .....                  (no boots)
Stlth    ..........             (no amulet)
HPRegen  0.14/turn              (no ring)
MPRegen  0.09/turn              (no ring)

@: lethally poisoned (0 -> -3)
A: permanent stasis, dig shafts and tunnels, four strong arms, antennae 3
a: Dig, Shaft Self


You were on level 4 of the Dungeon.
You were not hungry.

You visited 1 branch of the dungeon, and saw 4 of its levels.

You collected 193 gold pieces.

Inventory:

Hand Weapons
 a - a +0 trident (weapon)
Armour
 b - a +0 scale mail (worn)
 c - a +1 shield (worn)
Scrolls
 e - 3 scrolls of identify
 i - a scroll of enchant weapon
 k - 2 scrolls of teleportation {unknown}
 l - a scroll of blinking
 n - 2 scrolls of remove curse {unknown}
Potions
 d - 2 potions of might
 g - a potion of flight
 h - 2 potions of curing {unknown}
 j - a potion of cancellation {unknown}
 m - 2 potions of mutation {unknown}
Comestibles
 f - 6 rations


   Skills:
 + Level 3.9 Fighting
 + Level 3.3 Polearms
 + Level 4.5 Armour
 + Level 0.6 Dodging
 + Level 0.1 Stealth
 + Level 4.6 Shields


You had 4 spell levels left.
You didn't know any spells.
Your spell library was empty.

Dungeon Overview and Level Annotations

Branches:
Dungeon (4/15)
 Temple: D:4-7

Altars:
Kikubaaqudgha
Nemelex Xobeh


Innate Abilities, Weirdness & Mutations

You cannot be hasted, slowed, berserked, paralysed or teleported.
You can dig through walls and to a lower floor.
Your four strong arms can wield two-handed weapons with a shield.
You have a pair of large antennae on your head. (SInv)


Message History

You feel sick.
You dig through the rock wall.
You block the adder's attack.
You dig through the rock wall.
* * * LOW HITPOINT WARNING * * *
You feel sick.
You hear a shout!
You hear an angry hiss.
Found 16 gold pieces.
You dig through the rock wall.
An orc comes into view. It is wielding a +0 dagger.
* * * LOW HITPOINT WARNING * * *
You feel sick.
The orc shouts!
The adder bites you but does no damage.
Found a pink potion.
Unknown command.
Are you sure you want to shaft yourself?
You feel somewhat more hungry. You block the adder's attack.
You block the orc's attack.
You begin to dig a shaft.
You continue digging a shaft.
You die...

#.. ..... .. ..... ..
.... #.##..# # # ####
#.#..# ## #..#.##.. ...#
..#
.......$#########..##..#
#!.o@Soo....)......#
#...#######.#....?###
#...... ...#........
.....)..######........
......#............_....
#..#...#...#..#.#.......
...........##........⌠..
##.....##.....#.........
.(.................._


You could see an adder and 3 orcs.

Vanquished Creatures
  An orc priest (D:3)
  An orc wizard (D:4)
  A worker ant (D:4)
  4 adders (D:2)
  2 worms
  4 leopard geckos
  3 orcs (D:3)
  2 bats (D:2)
  4 giant cockroaches
  5 hobgoblins
  4 quokkas
  A ball python (D:3)
  2 frilled lizards (D:3)
  5 goblins
  5 kobolds
  2 rats
46 creatures vanquished.

Notes
Turn   | Place    | Note
-------+----------+-------------------------------------------
     0 | D:1      | cklessthan3 the Formicid Fighter began the quest for the
                  | Orb.
     0 | D:1      | Reached XP level 1. HP: 18/18 MP: 1/1
   272 | D:1      | Reached XP level 2. HP: 24/24 MP: 2/2
   276 | D:1      | You fall through a shaft!
   318 | D:2      | Reached XP level 3. HP: 25/29 MP: 3/3
   795 | D:2      | Reached XP level 4. HP: 27/37 MP: 4/4
  1817 | D:3      | Reached XP level 5. HP: 42/42 MP: 5/5
  1950 | D:4      | Found a sparkling altar of Nemelex Xobeh.
  2158 | D:4      | Found an ancient bone altar of Kikubaaqudgha.
  2184 | D:4      | HP: 2/42 [poisoned by an adder]
  2189 | D:4      | Succumbed to an adder's poison

Skill      XL: |  1  2  3  4 |
---------------+-------------+-----
Shields        | 4 |  4.6
Polearms       | 3 |  3.3
Armour         | 4 |  4.5
Fighting       | |  3.9
Dodging        | |  0.6
Stealth        | |  0.1

Action                   |  1- 3 |  4- 6 || total
-------------------------+-------+-------++-------
Melee: Trident           |    95 |    94 ||   189
 Abil: Dig               |     2 |     7 ||     9
       Shaft Self        |       |     1 ||     1
  Use: Scroll            |       |     6 ||     6
  Eat: Ration            |       |     2 ||     2
Armor: Scale mail        |    37 |    30 ||    67
Dodge: Dodged            |    31 |    35 ||    66
Block: Shield            |    47 |    60 ||   107
